 Dungeon Crawl Stone Soup version 0.30-a0-782-ge64f9170bb (webtiles) character file.

Game seed: 1695326158173243044

273233 MacCMillion the Acrobat (level 19, -1/111 HPs)
             Began as a Spriggan Hunter on Mar 2, 2023.
             Was the Champion of Dithmenos.
             Slain by a deep elf blademaster
             ... wielding a +2 rapier of holy wrath
              (27 damage)
             ... on level 3 of the Elven Halls.
             The game lasted 02:18:20 (51813 turns).

MacCMillion the Acrobat (Spriggan Hunter)          Turns: 51813, Time: 02:18:20

Health: -1/111     AC:  5    Str:  7    XL:     19   Next: 50%
Magic:  28/28      EV: 66    Int: 12    God:    Dithmenos [******]
Gold:   3651       SH:  0    Dex: 30    Spells: 20/29 levels left

rFire   + . .      SeeInvis +    W - +1 arbalest (heavy)
rCold   + . .      Faith    .    (shield currently unavailable)
rNeg    . . .      Spirit   .    y - +1 robe {rC+ rF+}
rPois   .          Reflect  .    T - +2 hat {Will+}
rElec   .          Harm     .    R - scarf {repulsion}
rCorr   .          Rampage  .    (gloves unavailable)
Will    ++++.                    (boots unavailable) Stlth **++++++++
                                 w - amulet "Worghireu" {Acrobat Dex+5}
HPRegen 0.38/turn                a - +4 ring of slaying
MPRegen 0.21/turn                J - +4 ring of slaying

@: acrobatic, wreathed by umbra, repel missiles, very quick
A: very small, no large weapons, unfitting armour, see invisible, speed 3,
subdued magic 1
}: 2/15 runes: decaying, gossamer
a: Renounce Religion, Shadow Step, Shadow Form


You were on level 3 of the Elven Halls.
You worshipped Dithmenos.
Dithmenos was exalted by your worship.
You visited 7 branches of the dungeon, and saw 34 of its levels.
You also visited: Bailey and Ice Cave.

You collected 3651 gold pieces.

Inventory:

Hand Weapons
 W - a +1 heavy arbalest (weapon)
Armour
 y - a +1 robe of resistance (worn)
 D - the +0 hat "Wuikol" {rPois Str-2 Int+6 Dex+3}
   (You found it on level 4 of the Spider Nest)

   Str:       It affects your strength (-2).
   Int:       It affects your intelligence (+6).
   Dex:       It affects your dexterity (+3).
   rPois:     It protects you from poison.
 R - a scarf of repulsion (worn)
 T - a +2 hat of willpower (worn)
Jewellery
 a - a +4 ring of slaying (left hand)
 s - a ring of flight
 v - an amulet of reflection
 w - the amulet "Worghireu" (around neck) {Acrobat Dex+5}
   (You found it in a bailey)

   [amulet of the acrobat]

   It increases your evasion while moving and waiting.
   Dex:       It affects your dexterity (+5).
 F - a +6 ring of intelligence
 J - a +4 ring of slaying (right hand)
 K - a +4 ring of protection
 O - an amulet of regeneration
 P - a ring of poison resistance
Wands
 l - a wand of digging (17)
 A - a wand of mindburst (9)
 B - a wand of quicksilver (12)
 L - a wand of polymorph (10)
 Q - a wand of roots (20)
 U - a wand of flame (70)
Scrolls
 b - 14 scrolls of immolation
 f - 14 scrolls of teleportation
 h - 6 scrolls of fear
 k - 6 scrolls of noise
 m - 6 scrolls of amnesia
 p - 5 scrolls of magic mapping
 u - a scroll of torment
 z - 7 scrolls of blinking
 C - 2 scrolls of enchant armour
 E - 3 scrolls of butterflies
 G - 3 scrolls of silence
 M - 8 scrolls of poison
 S - 2 scrolls of brand weapon
 V - 3 scrolls of vulnerability
 X - 4 scrolls of fog
 Z - a scroll of enchant weapon
Potions
 c - 3 potions of invisibility
 d - 7 potions of lignification
 e - 8 potions of mutation
 g - 6 potions of cancellation
 i - 3 potions of brilliance
 j - 12 potions of curing
 n - 13 potions of heal wounds
 o - 9 potions of haste
 q - 2 potions of flight
 r - 8 potions of might
 t - 7 potions of ambrosia
 x - 2 potions of magic
 I - 7 potions of attraction
 N - 2 potions of berserk rage
 Y - a potion of resistance {unknown}
Miscellaneous
 H - a phial of floods


   Skills:
 + Level 16.9 Fighting
 - Level 18.0 Ranged Weapons
 + Level 24.1 Dodging
 - Level 14.0 Stealth
 + Level 5.7 Spellcasting
 - Level 5.0 Hexes
 - Level 17.0 Translocations
 - Level 3.0 Invocations


You had 20 spell levels left.
You knew the following spells:

 Your Spells              Type           Power      Damage    Failure   Level
a - Portal Projectile     Hex/Tloc       44%        N/A       1%          3
b - Dispersal             Tloc           17%        N/A       1%          6

Your spell library contained the following spells:

 Spells                   Type           Power      Damage    Failure   Level
 Apportation              Tloc           68%        N/A       0%          1
 Slow                     Hex            44%        N/A       1%          1
 Momentum Strike          Conj/Tloc      36%        3d9       1%          2
 Gell's Gravitas          Tloc           34%        N/A       1%          3
 Teleport Other           Tloc           34%        N/A       1%          3
 Vhi's Electric Charge    Tloc/Air       36%        N/A       1%          3
 Manifold Assault         Tloc           34%        N/A       1%          4
 Kindle Blastsparks       Fire/Tloc/Air  26%        2d12      4%          3
 Confusing Touch          Hex            11%        N/A       5%          3
 Tukima's Dance           Hex            11%        N/A       5%          3
 Ensorcelled Hibernation  Hex/Ice        14%        N/A       8%          2
 Beastly Appendage        Tmut           4%         N/A       16%         1
 Kiss of Death            Conj/Necr      8%         2d6       16%         1
 Necrotise                Necr           8%         1d4       16%         1
 Sting                    Tmut/Pois      8%         1d3       16%         1
 Summon Small Mammal      Summ           8%         N/A       16%         1
 Inner Flame              Hex/Fire       7%         N/A       17%         3
 Cause Fear               Hex            5%         N/A       21%         4
 Cigotuvi's Dreadful Rot  Necr/Pois/Air  4%         N/A       24%         2
 Passwall                 Tmut/Erth      1%         N/A       24%         2
 Wereblood                Tmut           2%         N/A       24%         2
 Frozen Ramparts          Ice            4%         1d1       45%         3
 Mephitic Cloud           Conj/Pois/Air  2%         N/A       45%         3
 Ozocubu's Armour         Ice            2%         N/A       45%         3
 Spider Form              Tmut/Pois      2%         N/A       45%         3
 Swiftness                Air            2%         N/A       45%         3
 Vampiric Draining        Necr           2%         2d6       45%         3
 Anguish                  Hex/Necr       3%         N/A       50%         4
 Leda's Liquefaction      Hex/Erth       3%         N/A       50%         4
 Disjunction              Tloc           17%        N/A       71%         8
 Animate Dead             Necr           2%         N/A       86%         4
 Dispel Undead            Necr           2%         3d7       86%         4
 Flame Wave               Conj/Fire      2%         2d4       86%         4
 Ice Form                 Ice/Tmut       2%         N/A       86%         4
 Sticky Flame             Conj/Fire      2%         2d3       86%         4
 Summon Ice Beast         Ice/Summ       2%         N/A       86%         4
 Metabolic Englaciation   Hex/Ice        3%         N/A       86%         5
 Arcjolt                  Conj/Air       1%         1d11      99%         5
 Blade Hands              Tmut           1%         N/A       99%         5
 Fireball                 Conj/Fire      1%         3d3       99%         5
 Iskenderun's Battlesphe  Conj           2%         2d6       99%         5
 Lee's Rapid Deconstruct  Erth           1%         3d4*      99%         5
 Conjure Ball Lightning   Conj/Air       1%         3x3d6     100%        6
 Death Channel            Necr           1%         N/A       100%        6
 Simulacrum               Ice/Necr       1%         N/A       100%        6
 Statue Form              Tmut/Erth      1%         N/A       100%        6
 Dragon Form              Tmut           1%         N/A       100%        7
 Haunt                    Necr/Summ      1%         N/A       100%        7
 Orb of Destruction       Conj           1%         9d5       100%        7
 Discord                  Hex            5%         N/A       100%        8
 Infestation              Necr           1%         N/A       100%        8
 Maxwell's Capacitive Co  Air            1%         ∞         100%        8
 Dragon's Call            Summ           1%         N/A       100%        9


Dungeon Overview and Level Annotations

Branches:
Dungeon (15/15)            Temple (1/1) D:5            Lair (5/5) D:11
  Swamp (4/4) Lair:2       Spider (4/4) Lair:2        Slime (0/5) Lair:4
    Orc (2/2) D:12            Elf (3/3) Orc:2        Vaults (0/5) D:14
 Depths (0/4) D:15         Bailey (visited)           IceCv (visited)

Altars:
Ashenzari
Cheibriados
Dithmenos
Elyvilon
Fedhas
Gozag
Hepliaklqana
Kikubaaqudgha
Makhleb
Nemelex Xobeh
Okawaru
Qazlal
Ru
Sif Muna
Trog
Uskayaw
Vehumet
Wu Jian
Xom
Yredelemnul
Zin
The Shining One

Shops:
D:5 *   D:8 [   D:11 (:[[   D:12 (   D:14 [((!(   Orc:1 :**   Orc:2 ?:[=
Elf:3 [

Annotations:
D:3 1 runed translucent door, 112233's ghost, amateur OpEn
D:5 3 runed translucent doors, gorillaNest's ghost, novice DEFE
D:6 3 runed translucent doors, Sigmund; TryHard88's ghost, novice MiBe
D:8 Joseph; Maurice
D:9 exclusion: oklob plant
D:13 exclusion: tormentor
Lair:1 1 runed translucent door, What's ghost, journeyman TrBr
Lair:2 1 runed translucent door, exclusion: ice statue
Elf:2 3 runed translucent doors


Innate Abilities, Weirdness & Mutations

You are very small and have problems with some larger weapons.
You are too small for most types of armour.
You have supernaturally acute eyesight. (SInv)
You cover ground extremely quickly. (Speed+++)
Your spells are a little easier to cast, but a little less powerful.


Message History

Items here: )) [ ÷.
Things that are here:
a +0 long sword; an elf skeleton
Things that are here:
a +0 long sword; an elf skeleton
Items here: )))) [[ ÷÷.
You start waiting.
A deep elf blademaster is nearby!
You shoot a bolt.
The bolt hits the deep elf blademaster!!!
The deep elf blademaster is heavily wounded.
Your shadow shoots a bolt.
The bolt hits the deep elf blademaster but does no damage.
You shoot a bolt. The bolt hits the deep elf blademaster!
The deep elf blademaster is severely wounded.
Your shadow shoots a bolt.
The bolt misses the deep elf blademaster.
The deep elf blademaster completely misses you.
The deep elf blademaster hits you with a +2 rapier of holy wrath!!
You emit a cloud of dark smoke.
You shoot a bolt.
The bolt misses the deep elf blademaster.
Your shadow shoots a bolt.
The bolt misses the deep elf blademaster.
The deep elf blademaster hits you with a +2 rapier of holy wrath!
You emit a cloud of dark smoke.
The deep elf blademaster completely misses you.
The deep elf blademaster closely misses you.
The deep elf blademaster hits you with a +2 rapier of holy wrath.
You shoot a bolt.
The bolt misses the deep elf blademaster.
The deep elf blademaster completely misses you. x2
The deep elf blademaster hits you with a +2 rapier of holy wrath!!
You emit a cloud of dark smoke.
The deep elf blademaster misses you.
The deep elf blademaster hits you with a +2 rapier of holy wrath.
The deep elf blademaster hits you with a +2 rapier of holy wrath!
* * * LOW HITPOINT WARNING * * *
The deep elf blademaster completely misses you.
The deep elf blademaster hits you with a +2 rapier of holy wrath!!
You die...

######.......#.#####.....#....
##).....#..# ##§#§§.#....
####....#.# #.[#§).#....
#..##..#.###.###.#.....
##...##....).# #.#.....
##.........### #.....##
#......§.§..# ###.##..
##....§§.§.## #....#
##.§§@e§.## ###### ##§§§§§##
##§§§## #.§§## #.### ## ##.#
##. ###..# #.. #...## ###
##.## #..


You could see a deep elf blademaster.

Vanquished Creatures
  Nikola (Swamp:2)
  A deep elf blademaster (Elf:3)
  Asterion (Elf:1)
  A deep elf master archer (Elf:3)
  Gastronok (Lair:3)
  Kirke (Lair:2)
  Agnes (Elf:2)
  3 thorn hunters
  9 emperor scorpions
  2 ghost moths
  3 deep elf sorcerers
  Louise (Swamp:3)
  2 ghouls (Swamp:4)
  3 deep elf elementalists (Elf:3)
  A very ugly thing (Swamp:3)
  A broodmother (Spider:2)
  Nessos (D:14)
  3 deep elf demonologists (Elf:3)
  7 eleionomae
  2 deep elf annihilators
  4 spark wasps
  2 entropy weavers
  6 deep elf death magi
  2 deep elf high priests (Elf:3)
  2 caustic shrike simulacra (IceCv)
  24 hydras
  Erolcha (D:9)
  An ogre mage (Orc:2)
  A radroach (Lair:2)
  11 two-headed ogres
  3 centaur warriors
  3 jorogumos
  2 death knights (D:13)
  A ghost crab (Swamp:2)
  5 boulder beetles
  17 alligators
  12 death yaks
  4 tengu warriors
  18 dancing weapons
  An orc high priest (Elf:1)
  Urug (D:13)
  Nergalle (Lair:1)
  Sonja (Lair:3)
  15 deep elf knights
  9 skeletal warriors
  3 pharaoh ants
  3 sun moths (Spider:4)
  4 skysharks
  4 spriggan druids
  7 goliath frogs
  9 orb spiders
  2 obsidian statues (IceCv)
  15 deep elf archers
  4 bog bodies
  A wizard (D:14)
  14 swamp dragons
  5 steelbarb worms
  3 orc knights
  36 deep elf pyromancers
  21 deep elf zephyrmancers
  11 orc sorcerers
  An oklob plant (Lair:2)
  20 wolf spiders
  12 ugly things
  6 will-o-the-wisps
  3 moths of wrath
  8 cyclopes
  5 manticores
  A salamander (D:15)
  10 elephants
  A salamander (shapeshifter) (D:15)
  4 black mambas
  7 demonic crawlers
  2 water nymphs (Swamp:4)
  4 orange demons (Elf:1)
  6 torpor snails
  15 cane toads
  A yaktaur (D:15)
  8 freezing wraiths
  8 komodo dragons
  A rime drake (shapeshifter) (D:15)
  2 tengu conjurers
  An unseen horror (D:11)
  Psyche (D:11)
  2 tormentors (D:13)
  An ice devil (Lair:2)
  A golden dragon simulacrum (IceCv)
  An anaconda simulacrum (IceCv)
  A queen bee (shapeshifter) (D:14)
  3 rime drakes (Lair:2)
  4 polar bears
  3 meliai (Spider:4)
  7 tyrant leeches
  13 hornets
  7 trolls
  A troll (shapeshifter) (D:13)
  2 bloated husks
  23 tarantellas
  30 blink frogs
  6 slime creatures
  9 dream sheep
  5 air elementals
  A spriggan (shapeshifter) (D:15)
  9 spriggans
  2 vampires
  25 jumping spiders
  17 culicivoras
  6 wraiths
  3 shadows
  2 water elementals (Elf:2)
  A dire elephant simulacrum (Lair:2)
  62 yaks
  4 wyverns
  7 basilisks
  8 fire elementals
  2 hogs
  A human (Lair:2)
  2 death yak simulacra (Lair:2)
  42 redbacks
  13 vampire mosquitoes
  A human (shapeshifter) (Elf:2)
  A steam dragon (Lair:1)
  2 harpy simulacra (IceCv)
  3 wargs
  12 swamp worms
  13 water moccasins
  4 hydra simulacra (IceCv)
  2 acid dragons
  8 swamp drakes
  22 orc warriors
  A sky beast (Lair:1)
  2 black bears
  3 ettin simulacra (IceCv)
  5 boggarts (D:14)
  4 ogres
  5 centaurs
  2 phantoms
  3 kobold brigands
  21 bullfrogs
  Blork the orc (D:4)
  2 necrophages
  10 scorpions
  2 deep troll simulacra (IceCv)
  2 gnoll sergeants
  A cane toad simulacrum (Lair:2)
  An earth elemental (Elf:2)
  5 wights
  A hornet simulacrum (D:15)
  An oklob sapling (D:9)
  An elephant simulacrum (Lair:2)
  11 killer bees
  7 vampire bats (Bailey)
  6 howler monkeys
  An electric eel (D:15)
  5 wolf zombies (Bailey)
  A lava snake (D:12)
  3 hounds
  5 jellies
  3 gnoll boudas
  21 orc priests
  5 iguanas
  32 orc wizards
  A troll simulacrum (Lair:2)
  7 hell rats (Lair:4)
  A spriggan simulacrum (Lair:2)
  10 adders
  16 gnolls
  2 naga simulacra (Lair:2)
  4 river rats (D:10)
  2 shadow imps
  A white imp (Lair:2)
  2 ufetubi (D:6)
  2 worms
  A dart slug (D:4)
  77 orcs
  2 bats (D:3)
  11 endoplasms
  4 giant cockroaches
  3 hobgoblins
  7 jackals
  14 ball pythons
  A frilled lizard (D:2)
  6 goblins
  16 kobolds
  20 orc zombies (Bailey)
  23 rats
  A bush (Lair:4)
  A butterfly (Lair:1)
  A fire vortex (D:12)
1264 creatures vanquished.

Vanquished Creatures (others)
  An alligator (Swamp:2)
  3 deep elf knights
  A deep elf pyromancer (Elf:2)
  A wizard (D:7)
  A meliai (Spider:4)
  An orc (Orc:2)
  13 bushes (Lair:4)
  2 foxfires (Swamp:4)
  32 fungi
  170 plants
225 creatures vanquished.

Grand Total: 1489 creatures vanquished

Notes
Turn   | Place    | Note
-------+----------+-------------------------------------------
     0 | D:1      | MacCMillion the Spriggan Hunter began the quest for the
                  | Orb.
     0 | D:1      | Reached XP level 1. HP: 10/10 MP: 2/2
   514 | D:1      | Reached XP level 2. HP: 14/14 MP: 3/3
  1517 | D:2      | Reached XP level 3. HP: 18/18 MP: 4/4
  1771 | D:3      | Found a radiant altar of Vehumet.
  1814 | D:3      | Reached skill level 5 in Ranged Weapons
  1870 | D:3      | Found a runed translucent door.
  2195 | D:3      | Noticed 112233's ghost (amateur OpEn)
  2216 | D:4      | Reached XP level 4. HP: 22/22 MP: 5/5
  2513 | D:4      | Noticed a scorpion
  2529 | D:4      | Killed a scorpion
  2530 | D:4      | Reached XP level 5. HP: 25/25 MP: 6/6
  2586 | D:4      | Noticed Blork the orc
  2700 | D:4      | Killed Blork the orc
  2768 | D:5      | Entered Level 5 of the Dungeon
  2954 | D:4      | Reached XP level 6. HP: 26/30 MP: 7/7
  3623 | D:5      | Found Akku's General Store.
  3663 | D:5      | Reached XP level 7. HP: 33/33 MP: 8/8
  3693 | D:5      | Identified the +4 trident of the Destroying Jester {flame,
                  | Stlth+}
  4082 | D:5      | Found a runed translucent gate.
  4083 | D:5      | Found a runed translucent gate.
  4083 | D:5      | Identified the +5 whip of the Fray {heavy, Str-5 Dex+4
                  | Stlth+}
  4084 | D:5      | Found a runed translucent gate.
  4085 | D:5      | Noticed gorillaNest's ghost (novice DEFE)
  4099 | D:5      | Found a sparkling altar of Nemelex Xobeh.
  4541 | D:5      | Found a staircase to the Ecumenical Temple.
  4563 | Temple   | Entered the Ecumenical Temple
  4790 | Temple   | Became a worshipper of Dithmenos the Shadowed
  5134 | D:6      | Found a runed translucent gate.
  5134 | D:6      | Found a runed translucent gate.
  5135 | D:6      | Found a runed translucent gate.
  5137 | D:6      | Noticed TryHard88's ghost (novice MiBe)
  5173 | D:6      | Noticed Sigmund
  5204 | D:6      | Noticed a boulder beetle
  6009 | D:6      | Reached XP level 8. HP: 27/37 MP: 9/9
  6153 | D:6      | Reached skill level 10 in Ranged Weapons
  6361 | D:7      | Found a flagged portal.
  6607 | Bailey   | Entered a bailey
  7286 | Bailey   | Reached * piety under Dithmenos
  7617 | Bailey   | Noticed a gargoyle
  8037 | Bailey   | Identified the amulet "Worghireu" {Acrobat Dex+5}
  8042 | Bailey   | Identified the +0 plate armour of Resourcefulness {Int+4}
  8125 | D:7      | Noticed a dream sheep
  8126 | D:7      | Noticed a dream sheep
  8134 | D:7      | Killed a dream sheep
  8135 | D:7      | Reached XP level 9. HP: 46/46 MP: 10/10
  8144 | D:7      | Reached skill level 5 in Fighting
  8144 | D:7      | Reached skill level 3 in Dodging
  8265 | D:7      | Found an ornate altar of the Wu Jian Council.
  8311 | D:7      | Found a bloodstained altar of Trog.
  8313 | D:7      | Noticed a wizard
  8321 | D:7      | Killed a wizard
  8632 | D:7      | Reached ** piety under Dithmenos
  8777 | D:7      | Reached skill level 4 in Dodging
  9538 | D:8      | Noticed Joseph
  9538 | D:8      | Noticed Maurice
  9550 | D:8      | Reached skill level 5 in Dodging
 10267 | D:8      | Found Pyitol's Antique Armour Shoppe.
 10999 | D:9      | Noticed Erolcha
 11186 | D:8      | Reached *** piety under Dithmenos
 11267 | D:8      | Reached XP level 10. HP: 42/53 MP: 11/11
 11434 | D:9      | Reached skill level 6 in Dodging
 11953 | D:9      | Identified the +5 ring mail "Binuoc" {MP-9 Dex+10 SInv}
 12173 | D:9      | Killed Erolcha
 12174 | D:9      | Reached skill level 5 in Stealth
 12267 | D:9      | Noticed a two-headed ogre
 12608 | D:9      | Killed a two-headed ogre
 12609 | D:9      | Reached skill level 7 in Dodging
 13013 | D:9      | Got Ockuff's Compendium of Nature
 13035 | D:9      | Noticed an oklob plant
 13368 | D:10     | Entered Level 10 of the Dungeon
 13441 | D:10     | Noticed a two-headed ogre
 13557 | D:9      | Killed a two-headed ogre
 13765 | D:9      | Reached **** piety under Dithmenos
 13805 | D:10     | Reached XP level 11. HP: 43/58 MP: 12/12
 13806 | D:10     | Reached skill level 8 in Dodging
 14525 | D:11     | Found Issesu Binka's Book Emporium.
 14543 | D:11     | Noticed Psyche
 14546 | D:11     | Killed Psyche
 14551 | D:11     | Reached skill level 9 in Dodging
 14624 | D:11     | Noticed a red ugly thing
 14649 | D:11     | Killed a red ugly thing
 14868 | D:11     | Found a staircase to the Lair.
 15077 | D:11     | Found Plog's Armour Shop.
 15077 | D:11     | Noticed a two-headed ogre
 15082 | D:11     | Killed a two-headed ogre
 15127 | D:11     | Found Mukososuedgh's Antique Armour Emporium.
 15158 | D:11     | Noticed a boulder beetle
 15175 | D:11     | Noticed a two-headed ogre
 15196 | D:11     | Killed a two-headed ogre
 15343 | D:11     | Found Ejasheut's Antique Weapon Boutique.
 15419 | D:11     | Noticed an orc knight
 15421 | D:11     | Noticed a two-headed ogre
 15459 | D:11     | Killed a two-headed ogre
 15460 | D:11     | Reached skill level 10 in Dodging
 15483 | D:11     | Killed an orc knight
 15788 | Lair:1   | Entered Level 1 of the Lair of Beasts
 15835 | Lair:1   | Reached skill level 15 in Ranged Weapons
 15840 | Lair:1   | Reached XP level 12. HP: 65/65 MP: 13/13
 15854 | Lair:1   | Reached ***** piety under Dithmenos
 15934 | Lair:1   | Noticed Nergalle
 15948 | Lair:1   | Killed Nergalle
 16056 | Lair:1   | Noticed What's ghost (journeyman TrBr)
 16057 | Lair:1   | Found a runed translucent door.
 16547 | Lair:2   | Reached skill level 11 in Dodging
 16882 | Lair:2   | Found a staircase to the Swamp.
 16989 | Lair:2   | Noticed a death yak
 17013 | Lair:2   | Reached skill level 1 in Invocations
 17101 | Lair:2   | Killed a death yak
 17151 | Lair:2   | Reached skill level 12 in Dodging
 17450 | Lair:2   | Reached XP level 13. HP: 70/70 MP: 16/16
 17597 | Lair:2   | Found a runed translucent door.
 17741 | Lair:2   | Found a hole to the Spider Nest.
 17917 | Lair:2   | Reached skill level 13 in Dodging
 18492 | Lair:2   | Reached skill level 10 in Fighting
 18868 | Lair:3   | Noticed Kirke
 18941 | Lair:2   | Noticed a sphinx
 19853 | Lair:2   | Killed Kirke
 19854 | Lair:2   | Reached skill level 14 in Dodging
 20435 | Lair:3   | Noticed Gastronok
 20448 | Lair:3   | Killed Gastronok
 20448 | Lair:3   | Reached ****** piety under Dithmenos
 20449 | Lair:3   | Reached skill level 15 in Dodging
 20532 | Lair:3   | Noticed Sonja
 20536 | Lair:3   | Killed Sonja
 21891 | Lair:4   | Reached skill level 16 in Dodging
 21891 | Lair:4   | Reached XP level 14. HP: 79/79 MP: 17/17
 22160 | Lair:4   | Found a staircase to the Slime Pits.
 22344 | Lair:5   | Entered Level 5 of the Lair of Beasts
 22383 | Lair:5   | Identified the +8 spear of Doubt {speed, Drain rN++ Int+7}
 22982 | Lair:5   | Reached skill level 17 in Dodging
 23649 | Lair:5   | Found the +8 demon trident "Rift" {distort, reach+}
 24215 | D:11     | Identified the +5 halberd "Nukorr" {heavy, rPois}
 24228 | D:11     | Identified the +6 lajatang of Tenacity {freeze, rF++}
 24263 | D:11     | Got Dywewuan's Almanac of Last Rites and Flame
 24914 | D:12     | Identified the +5 scimitar "Leuqed" {drain, rCorr}
 25052 | D:12     | Found a staircase to the Orcish Mines.
 25178 | D:12     | Found Bokei's Weapon Boutique.
 25353 | Orc:1    | Entered Level 1 of the Orcish Mines
 25353 | Orc:1    | Found Eneuvuha's Book Shop.
 25508 | Orc:1    | Reached XP level 15. HP: 85/85 MP: 18/18
 25854 | Orc:1    | Found Nicheu Ijerr's General Store.
 25859 | Orc:1    | Found Adouhun's Specific Store.
 26054 | Orc:2    | Entered Level 2 of the Orcish Mines
 26444 | Orc:2    | Found a staircase to the Elven Halls.
 26933 | Orc:2    | Found Myckir's Jewellery Boutique.
 26971 | Orc:2    | Found an ancient bone altar of Kikubaaqudgha.
 27055 | Orc:2    | Found Woixioth's Antique Armour Shop.
 27080 | Orc:2    | Found a radiant altar of Vehumet.
 27136 | Orc:2    | Found Acoxu's Magic Scroll Boutique.
 27142 | Orc:2    | Found Kusohum's Book Boutique.
 28163 | D:13     | Reached skill level 10 in Stealth
 28332 | D:13     | Reached skill level 18 in Dodging
 28548 | D:13     | Noticed Urug
 28550 | D:13     | Killed Urug
 28951 | D:14     | Found Xiplur's Armour Shoppe.
 28954 | D:14     | Found Kysh's Antique Weapon Shoppe.
 28954 | D:14     | Found Nogoin's Antique Weapon Shoppe.
 28957 | D:14     | Noticed Nessos
 28960 | D:14     | Killed Nessos
 28962 | D:14     | Found Dieryox's Distillery.
 29948 | D:14     | Found Gutiruy's Weapon Shop.
 30076 | D:15     | Entered Level 15 of the Dungeon
 30281 | D:14     | Found a gate to the Vaults.
 30883 | D:14     | Found Gutiruy's Weapon Shop.
 31102 | D:14     | Found Kysh's Antique Weapon Shoppe.
 31103 | D:14     | Found Xiplur's Armour Shoppe.
 31370 | D:14     | Found Dieryox's Distillery.
 31371 | D:14     | Found Nogoin's Antique Weapon Shoppe.
 31765 | D:14     | Found a gate to the Vaults.
 32257 | D:15     | Found an opulent altar of Gozag.
 32674 | D:15     | Reached skill level 19 in Dodging
 32878 | D:15     | Found a staircase to the Depths.
 33373 | Spider:1 | Entered Level 1 of the Spider Nest
 33633 | Lair:2   | Reached XP level 16. HP: 92/92 MP: 19/19
 34952 | Spider:2 | Identified the +7 war axe of Tumult {venom, SInv}
 34987 | Spider:2 | Reached skill level 20 in Dodging
 35367 | Spider:2 | Identified the +2 robe of Wett {Drain +Inv rN+ Int+3}
 36325 | Spider:3 | Reached skill level 21 in Dodging
 36524 | Spider:3 | Reached skill level 15 in Fighting
 36929 | Spider:4 | Entered Level 4 of the Spider Nest
 37282 | Spider:4 | Reached XP level 17. HP: 98/99 MP: 20/20
 37763 | Spider:4 | Reached skill level 22 in Dodging
 37798 | Spider:4 | Identified the +0 hat "Wuikol" {rPois Str-2 Int+6 Dex+3}
 37815 | Spider:4 | Got a gossamer rune of Zot
 38817 | Swamp:1  | Entered Level 1 of the Swamp
 38989 | Lair:2   | Learned a level 3 spell: Portal Projectile
 39023 | Lair:2   | Reached skill level 1 in Translocations
 39045 | Swamp:1  | Reached skill level 1 in Hexes
 40023 | Swamp:2  | Reached skill level 5 in Translocations
 40458 | Swamp:2  | Identified a scroll of acquirement
 40469 | Swamp:2  | Acquired 838 gold pieces
 40487 | Swamp:2  | Noticed Nikola
 40494 | Swamp:2  | Killed Nikola
 40504 | Swamp:2  | Reached skill level 5 in Hexes
 40633 | Swamp:2  | Learned a level 6 spell: Dispersal
 40937 | Swamp:3  | Noticed Louise
 40948 | Swamp:3  | Killed Louise
 41422 | Swamp:3  | Found a frozen archway.
 41434 | IceCv    | Entered an ice cave
 41857 | IceCv    | Gained mutation: Your spells are a little easier to cast,
                  | but a little less powerful. [a neqoxec]
 42426 | IceCv    | Reached skill level 10 in Translocations
 42511 | IceCv    | Noticed an Ice Fiend
 42511 | IceCv    | Noticed an Ice Fiend
 43009 | Swamp:4  | Entered Level 4 of the Swamp
 43039 | Swamp:4  | Reached XP level 18. HP: 105/105 MP: 21/21
 44190 | Swamp:4  | Reached skill level 15 in Translocations
 44460 | Swamp:4  | Got a decaying rune of Zot
 44479 | Swamp:4  | Identified the +7 flail of Domination {venom, Int+3}
 44865 | Elf:1    | Entered Level 1 of the Elven Halls
 45001 | D:13     | HP: 4/105 [??? (2)]
 47066 | Elf:1    | Identified the +0 robe of the Arcane {Archmagi}
 47169 | Elf:1    | Noticed Asterion
 47182 | Elf:1    | Killed Asterion
 47520 | Elf:1    | Paralysed by an air elemental for 1 turns
 47983 | Elf:1    | Got the Vellum of Bruises
 48400 | Elf:1    | Reached skill level 23 in Dodging
 48560 | Elf:2    | Noticed Agnes
 48570 | Elf:2    | HP: 4/105 [Agnes/+4 spectral lajatang (18)]
 49395 | Elf:2    | Reached XP level 19. HP: 111/111 MP: 22/22
 49897 | Elf:2    | Killed Agnes
 49898 | Elf:2    | Reached skill level 1 in Spellcasting
 50013 | Elf:2    | Found a runed translucent gate.
 50014 | Elf:2    | Found a runed translucent gate.
 50014 | Elf:2    | Found a runed translucent gate.
 50114 | Elf:3    | Entered Level 3 of the Elven Halls
 50379 | Elf:3    | Found Alloomm Ceno's Antique Armour Shop.
 50473 | Elf:3    | Paralysed by an air elemental for 1 turns
 51207 | Elf:3    | Reached skill level 5 in Spellcasting
 51212 | Elf:3    | Reached skill level 24 in Dodging
 51221 | Elf:3    | Identified the +5 trident "Ultimatum" {heavy, rElec rPois
                  | Str+4 Stlth-}
 51813 | Elf:3    | Slain by a deep elf blademaster

Illustrated notes

Levels and vault maps discovered:
D:1:      zelgadis_glass_arrival_large, layout_loops_corners
D:2:      layout_basic, corexii_hall_statues_u
D:3:      layout_rooms, nicolae_vehumet_radiance, ebering_ghost_reflecting_pool
D:4:      layout_basic, uniq_blork_the_orc
D:5:      layout_layer_cave, mainiacjoe_overflow_boulevard, temple_pool_b,
          serial_shops, kennysheep_mini, biasface_ghost_orc_armoury
D:6:      layout_basic, gammafunk_ghost_split, serial_curves, eino_curves_03,
          eino_curves_03, eino_curves_01, eino_curves_01, uniq_sigmund
D:7:      layout_basic, trog_wizard, old_standard_altar, enter_bailey_6,
          dreamdust_gnoll_shepherd
D:8:      layout_layer_cave, serial_shops, nicolae_diamond_shop, uniq_maurice,
          uniq_joseph
D:9:      layout_basic, introduction_to_nature_1, uniq_erolcha
D:10:     layout_cave_pools, dk_rats_in_the_wall
D:11:     minmay_the_grid_octo_tiled_squarecenter_mashed
          [minmay_the_grid_octo_empty, minmay_the_grid_octo_clover,
          minmay_the_grid_octo_fan_narrow, minmay_the_grid_octo_tetromino_candy,
          minmay_the_grid_square_5x5_megaprize_checkered,
          minmay_the_grid_square_5x5_spiral_small,
          minmay_the_grid_square_5x5_bracketed,
          minmay_the_grid_square_5x5_intrusive_squares,
          minmay_the_grid_square_5x5_shuriken], layout_gridville, serial_shops,
          nicolae_shop_statue_plus, shop, nicolae_shop_hallway_plus,
          kennysheep_little_box, uniq_psyche
D:12:     layout_basic, erik_orc_2, serial_shops, kennysheep_mini_moat,
          kennysheep_doodads
D:13:     cheibrodos_tormentor_scu, layout_gridville, minmay_misc_feat_room,
          uniq_urug
D:14:     layout_layer_cave, david_vaults_1, serial_shops,
          nicolae_shop_advertising_works [nicolae_subvault_shop_adworks],
          glass_columns_b, minmay_shop_grid_forest, uniq_nessos
D:15:     hangedman_depths_entry_try_elsewhere_first, layout_layer_cave,
          lemuel_round_altar, minivault_4
Temple:   hc_temple_tempest_star
Lair:1:   layout_misc_corridors, ebering_ghost_inner_flame, lemuel_fruit_fields,
          infiniplex_staircase_pool_2, uniq_nergalle
Lair:2:   dreamdust_isle_of_ice, layout_chaotic_city, skrybe_swamp_entry_bodies,
          spider_nest_entry_rubble, pdpol_lair_cabin_in_the_woods,
          grunt_megastairs_5
Lair:3:   layout_cave_pods, grunt_megastairs_4, serial_bayou_shore_b,
          serial_bayou_shore_b, lemuel_fruit_tree, uniq_gastronok, uniq_kirke,
          uniq_sonja
Lair:4:   layout_hall_layers, nicolae_slime_entry_slimehenge, serial_forest,
          infiniplex_forest_end_2, infiniplex_forest_clump_tiny,
          infiniplex_forest_clump_cross, infiniplex_forest_lined_room_3,
          infiniplex_forest_lined_room_3, infiniplex_forest_end_2,
          infiniplex_forest_clump_small, infiniplex_forest_lined_corner
Lair:5:   minmay_lair_end_frog_pond, layout_cave_pods
Swamp:1:  layout_basic_swamp, evilmike_swamp_ruin_house_2, swamp_pool3
Swamp:2:  nicolae_swamp_ascending_descending, layout_basic_swamp,
          evilmike_swamp_ruin_rubble_1, uniq_nikola
Swamp:3:  layout_falls_marsh, portal_ice_cave_entry_ugly_swarm,
          evilmike_swamp_ruin_wall, swamp_pool2, nicolae_swamp_spriggan_camp,
          uniq_louise
Swamp:4:  swamp, layout_basic_swamp, nicolae_swamp_nymph_family_reunion
Spider:1: layout_spider_delve, drop_trap
Spider:2: nicolae_spider_mines_1, hangedman_spider_tarantella_strand
Spider:3: spiders_nest_scorpion_pit
Spider:4: grunt_spider_rune_island, nicolae_spider_webbed_stairs
Orc:1:    layout_caves, serial_shops, nicolae_shop_statue_plus,
          nicolae_specific_store
Orc:2:    kennysheep_orc_mage_school, layout_caves, abandoned_shop
Elf:1:    layout_geoelf_diagonals, minmay_elf_sorcery,
          einodemon_barbed_minivault, grunt_megastairs_3, uniq_asterion
Elf:2:    nicolae_elf_blades_crystal_corner, layout_onion_city, uniq_agnes
Elf:3:    elf_hall, layout_geoelf_diagonals, serial_sigils,
          serial_sigils_hangedman_stare, serial_sigils_hangedman_carve,
          serial_sigils_hangedman_snap, serial_sigils_hangedman_snap,
          serial_sigils_hangedman_leer, serial_shops, shop

Skill      XL: |  1  2  3  4  5  6  7  8  9 10 11 12 13 14 15 16 17 18 19 |
---------------+----------------------------------------------------------+-----
Stealth        | 2 3 4 7 8 12 14 | 14.0
Ranged Weapons | 5 7 8 9 11 12 13 15 16 18 | 18.0
Fighting       | 4 6 7 8 9 11 12 13 15 16 | 16.9
Dodging        | 5 7 10 12 16 17 19 21 22 23 24 | 24.1
Invocations    | 3 |  3.0
Translocations | 11 17 | 17.0
Hexes          | 5 |  5.0
Spellcasting   | 5 |  5.7

Action                     |  1- 3 |  4- 6 |  7- 9 | 10-12 | 13-15 | 16-18 | 19-21 || total
---------------------------+-------+-------+-------+-------+-------+-------+-------++-------
  Melee: Unarmed           |       |       |       |       |     3 |       |       ||     3
   Fire: Shortbow          |   101 |   138 |   626 |   910 |   921 |       |       ||  2696
         Arbalest          |       |       |       |       |   567 |  1054 |   176 ||  1797
   Cast: Dispersal         |       |       |       |       |       |     1 |     4 ||     5
  Evoke: Wand              |       |       |       |     2 |       |     1 |       ||     3
    Use: Scroll            |       |       |     4 |     8 |    17 |    14 |       ||    43
         Potion            |       |       |     2 |     5 |       |     5 |     1 ||    13
 Armour: Robe              |       |     3 |     9 |     1 |       |     9 |     2 ||    24
         Skin              |       |       |     8 |    12 |       |       |       ||    20
         Troll leather arm |       |       |       |     4 |    16 |    18 |       ||    38
  Dodge: Dodged            |     8 |    30 |   163 |   206 |   453 |  1028 |   118 ||  2006
         Repelled          |       |       |       |     4 |     3 |    14 |     3 ||    24
  Block: Other             |       |       |    12 |       |       |       |       ||    12

Table legend: (Time is in decaauts)
 A = Elapsed time spent in this place.
 B = Non-inter-level travel time spent in this place.
 C = Inter-level travel time spent in this place.
 D = Time resting spent in this place.
 E = Time spent auto-exploring this place.
 F = Levels seen in this place.
 G = Mean time per level.
                   A        B        C        D        E       F      G
               +--------+--------+--------+--------+--------+-----+--------+
         Total |  39619 |  37558 |   2061 |  12914 |  14007 |  36 | 1100.5 |
       Dungeon |  16622 |  15749 |    873 |   4719 |   7624 |  15 | 1108.1 |
        Temple |    144 |    129 |     15 |      0 |    104 |   1 |  144.0 |
          Lair |   6478 |   6130 |    348 |   1395 |   2351 |   5 | 1295.6 |
         Swamp |   3832 |   3652 |    180 |   1697 |    656 |   4 |  958.0 |
   Spider Nest |   4167 |   3929 |    238 |   1375 |   1331 |   4 | 1041.8 |
  Orcish Mines |   1841 |   1574 |    267 |    538 |    543 |   2 |  920.5 |
   Elven Halls |   4221 |   4084 |    137 |   1751 |   1347 |   3 | 1407.0 |
        Bailey |   1259 |   1259 |      0 |    646 |     31 |   1 | 1259.0 |
      Ice Cave |   1051 |   1051 |      0 |    791 |     17 |   1 | 1051.0 |
               +--------+--------+--------+--------+--------+-----+--------+

Top non-repeatable levels by time:
  Lair:2: 2584 daAuts
    D:14: 2443 daAuts
     D:9: 1953 daAuts
    D:13: 1938 daAuts
   Elf:1: 1768 daAuts
     D:8: 1433 daAuts
Spider:4: 1397 daAuts
   Elf:2: 1346 daAuts
  Bailey: 1259 daAuts
   Orc:2: 1222 daAuts
  Lair:5: 1200 daAuts
     D:7: 1198 daAuts
 Swamp:2: 1124 daAuts
 Swamp:4: 1109 daAuts
   Elf:3: 1106 daAuts
